Map: Washout LE

Players

Harstem - Winner!

  • Race: Protoss Protoss
  • League: Grandmaster
  • Spawn Location: 1:00

ratgameplay (uThermal)

  • Race: Terran Terran
  • League: Grandmaster
  • Spawn Location: 7:00

Event: HomeStory Cup XXIX

VOD

Have the link to the VOD?

Description

Time

  • Played on: July 4, 2026, 9:34 a.m.
  • Length: 11:22

All games in this series

Show
View Real Time Build Order
Export as new Build Order

Harstem Protoss - Winner!

Build Orders: 1 Gate Expand 

Get SALT Encoding   

  8  0:00  Probe (Chrono Boost)  
  9  0:12  Probe (Chrono Boost)  
  10  0:18  Probe (Chrono Boost)  
  11  0:27  Probe  
  12  0:32  Pylon  
  12  0:39  Probe  
  13  0:51  Probe  
  13  0:55  Gateway  
  14  1:03  Probe (Chrono Boost)  
  15  1:12  Probe (Chrono Boost)  
  15  1:17  Probe (Chrono Boost)  
  18  1:35  Nexus  
  18  1:39  Assimilator  
  17  1:49  Cybernetics Core  
  17  1:53  Probe  
  18  2:00  Pylon  
  18  2:07  Probe  
  19  2:19  Probe  
  20  2:23  Adept (Chrono Boost)  
  22  2:31  Assimilator, Warp Gate, Probe  
  23  2:40  Shield Battery  
  23  2:49  Stalker (Chrono Boost), Probe  
  26  2:52  Probe  
  27  3:01  Probe  
  27  3:04  Probe  
  29  3:08  Stalker (Chrono Boost)  
  31  3:13  Probe  
  31  3:16  Probe  
  33  3:24  Gateway  
  33  3:25  Probe  
  34  3:28  Probe  
  34  3:31  Stalker  
  36  3:37  Probe  
  37  3:43  Probe  
  36  3:49  Probe  
  37  3:57  Twilight Council, Probe  
  37  3:59  Stalker  
  37  4:01  Pylon  
  40  4:06  Probe  
  41  4:20  Probe (Chrono Boost)  
  41  4:21  Probe (Chrono Boost)  
  41  4:24  Pylon  
  43  4:30  Robotics Facility, Probe x2 (Chrono Boost)  
  45  4:34  Gateway  
  45  4:35  Probe x2 (Chrono Boost)  
  47  4:39  Assimilator  
  47  4:47  Probe x2, Pylon  
  47  4:48  Blink (Chrono Boost)  
  49  4:53  Pylon  
  49  4:59  Probe x2  
  51  5:07  Pylon  
  51  5:11  Probe  
  51  5:17  Nexus, Warp Prism (Chrono Boost)  
  51  5:18  Probe  
  54  5:25  Probe  
  55  5:31  Stalker  
  55  5:34  Stalker  
  59  5:35  Probe  
  59  5:41  Probe  
  61  5:44  Shield Battery  
  61  5:46  Observer  
  61  5:48  Probe  
  63  5:53  Probe  
  63  5:55  Pylon, Stalker  
  66  5:59  Stalker x2  
  66  6:02  Probe  
  71  6:05  Probe, Observer  
  73  6:14  Probe  
  73  6:15  Gateway  
  74  6:20  Stalker  
  74  6:21  Stalker  
  74  6:27  Probe  
  74  6:28  Probe  
  74  6:29  Probe  
  74  6:32  Gateway  
  77  6:33  Stalker x2  
  77  6:35  Stalker, Charge  
  77  6:39  Probe  
  84  6:43  Probe  
  84  6:46  Probe, Forge  
  86  6:48  Gateway  
  86  6:56  Probe  
  85  7:02  Stalker x3  
  90  7:10  Probe  
  90  7:11  Templar Archives  
  90  7:13  Gateway  
  91  7:17  Probe  
  91  7:18  Probe  
  93  7:29  Zealot x4  
  101  7:35  Immortal  
  101  7:41  Probe  
  100  7:46  Probe x2  
  101  7:52  Zealot  
  102  8:03  Zealot  
  102  8:07  Pylon  
  102  8:09  Pylon x2  
  100  8:13  Zealot  
  100  8:15  Probe  
  100  8:17  Pylon  
  103  8:23  Protoss Ground Armor Level 1  
  103  8:25  Pylon  
  103  8:30  Zealot  
  103  8:33  Zealot x3  
  111  8:36  Probe  
  111  8:37  Probe  
  111  8:38  Pylon  
  111  8:39  Zealot  
  111  8:40  Probe  
  116  8:41  Gateway  
  116  8:48  Gateway  
  116  8:49  Gateway  
  116  8:52  Probe  
  116  8:53  Pylon, Probe  
  117  8:57  Gateway  
  117  8:59  Gateway  
  117  9:01  Probe  
  118  9:04  Stalker x5  
  118  9:09  Pylon  
  124  9:21  Probe  
  119  9:29  Zealot x5  
  118  9:33  Probe  
  118  9:34  Probe  
  112  9:39  Probe  
  105  9:51  Zealot x3  
  105  9:52  Zealot x2  
  103  9:57  Stalker x2  
  84  10:01  Stalker x2  
  84  10:04  Probe  
  76  10:13  High Templar x2  
  80  10:16  Stalker x3  
  84  10:21  Archon  
  84  10:23  Zealot x3  
  84  10:28  Zealot  
  91  10:36  Probe  
  91  10:41  Zealot x3  
  96  10:47  Zealot x4  
  102  10:53  Zealot x2  
  94  10:58  Probe  
  87  11:05  Zealot x3  
Show
View Real Time Build Order
Export as new Build Order

ratgameplay Terran 

Build Orders: Reaper Expand 

Get SALT Encoding   

  8  0:00  SCV  
  9  0:12  SCV  
  10  0:24  SCV  
  11  0:36  SCV  
  11  0:39  Supply Depot  
  12  0:48  SCV  
  13  1:01  SCV  
  13  1:02  Barracks  
  14  1:05  Refinery  
  14  1:13  SCV  
  15  1:25  SCV  
  16  1:37  SCV  
  17  1:48  Refinery  
  17  1:49  Reaper  
  17  1:50  Orbital Command  
  18  2:18  SCV, Bunker  
  19  2:24  Barracks Reactor  
  19  2:35  Command Center  
  19  2:37  SCV  
  20  2:45  Supply Depot  
  20  2:50  SCV  
  21  3:02  SCV, Marine  
  21  3:04  Factory  
  21  3:06  Marine  
  22  3:14  SCV  
  23  3:20  Marine  
  23  3:24  Marine  
  23  3:26  SCV  
  25  3:38  SCV, Marine  
  26  3:42  Marine  
  25  3:50  SCV  
  25  3:52  Widow Mine  
  25  3:54  Starport  
  28  3:56  Marine  
  28  3:57  Refinery  
  28  4:00  Marine, Orbital Command  
  30  4:05  SCV  
  30  4:14  Marine  
  29  4:18  Marine, Hellion  
  29  4:19  SCV  
  32  4:25  SCV  
  32  4:31  SCV, Starport Tech Lab  
  34  4:32  Marine  
  34  4:34  Supply Depot  
  34  4:35  Marine  
  34  4:37  Bunker  
  36  4:40  Factory Tech Lab, SCV  
  36  4:43  SCV  
  38  4:50  Banshee  
  38  4:52  Cloaking Field  
  41  4:54  SCV  
  41  4:56  SCV  
  43  5:00  Supply Depot  
  43  5:04  Marine x2  
  45  5:09  Siege Tank  
  48  5:20  Barracks  
  47  5:23  Marine x2  
  47  5:24  Barracks  
  48  5:32  SCV  
  48  5:33  Banshee, SCV  
  53  5:38  Supply Depot  
  53  5:47  Siege Tank  
  53  5:49  Marine  
  54  5:50  Marine  
  54  5:51  SCV x2  
  54  5:56  Supply Depot  
  58  6:01  Supply Depot  
  58  6:03  SCV x2  
  60  6:07  Marine x3  
  63  6:11  Marine  
  63  6:17  Banshee  
  66  6:25  Marine x2  
  64  6:30  Marine x2  
  64  6:31  Siege Tank  
  70  6:34  Supply Depot  
  70  6:35  SCV x2  
  72  6:43  Marine x2  
  75  6:47  SCV x2  
  75  6:48  Marine x2  
  75  6:49  Supply Depot  
  78  7:00  Banshee  
  78  7:01  Marine x2  
  79  7:05  Marine  
  81  7:11  Marine, Siege Tank  
  85  7:19  Marine x2  
  86  7:23  Marine  
  86  7:24  SCV  
  86  7:25  SCV  
  86  7:28  Marine  
  88  7:36  Marine  
  85  7:38  Marine  
  85  7:41  Marine  
  85  7:43  Siege Tank  
  89  7:46  Marine  
  87  7:54  Marine  
  87  8:01  Marine  
  87  8:02  Bunker x2  
  85  8:09  Bunker  
  85  8:12  Marine x2  
  85  8:13  Marine  
  85  8:15  Siege Tank  
  85  8:19  Marine  
  92  8:27  Bunker  
  92  8:30  Marine x2  
  93  8:45  Bunker, Marine  
  93  8:46  Marine  
  93  8:47  Bunker  
  95  8:55  Siege Tank  
  98  9:16  Marine  
  98  9:27  Marine x2  
  98  9:28  Marine  
  95  9:31  Siege Tank  
  95  9:34  Marine  
  95  9:37  Banshee  
  91  9:45  Marine x2  
  85  9:46  Marine  
  85  9:51  Marine  
  81  10:02  Marine  
  81  10:03  Marine, Siege Tank  
  81  10:05  Marine  
  81  10:09  Marine  
  82  10:20  Banshee, Marine  
  86  10:22  Marine  
  86  10:25  Marine  
  86  10:27  Marine  
  89  10:35  Siege Tank  
  89  10:38  Marine  
  89  10:40  Marine  
  91  10:43  Marine  
  91  10:45  Marine  
  93  10:56  Marine  
  82  10:58  Marine  
  82  11:01  Marine  
  82  11:03  Marine  
Tags
 
Add a new tag
Caveats
  • Supply blocks, unpowered buildings, or Contaminate may cause inaccurate times.
  • Supply counts are checked every 10 seconds.